[Event "Fagernes Chess GM-Swiss 2024"]
[Site "Fagernes"]
[Date "2024.03.24"]
[Round "1.10"]
[White "Pranav Anand"]
[Black "Brattgjerd, Isak Vinh"]
[Result "1-0"]
[ECO "B12"]
[WhiteElo "2519"]
[BlackElo "2228"]
[Annotator "TA"]
[PlyCount "61"]
[EventDate "2024.03.25"]
[EventType "swiss"]
[EventCountry "NOR"]
[SourceTitle "playchess.com"]
[Source "ChessBase"]
[SourceQuality "1"]
[TimeControl "40/6000+30:2400+30"]

1. e4 c6 2. d4 d5 3. e5 c5 4. Nf3 cxd4 5. Qxd4 Nc6 6. Qf4 g6 {[%emt 0:02:53] White must now prevent ...Bh6.} 7. Nc3 d4 {[%emt 0:20:14] [#] Wards off Be3} 8. Bc4 $1 {[%emt 0:12:23] White is slightly better.} Bf5 $1 9. Ne4 ({White should try} 9. Nb5 $14 Rc8 10. O-O (10. Nbxd4 $2 Nxd4 11. Nxd4 Rxc4 $19)) 9... e6 ({Black should play} 9... Bh6 $11 10. Qh4 Bg7) 10. O-O $14 Bxe4 {[%emt 0:10:56] White leaves nothing to chance now.} 11. Qxe4 Qb6 {[%emt 0:00:39] Wards off Bb5} 12. c3 dxc3 13. bxc3 Bg7 (13... Qc7 $142) 14. Ba3 Nge7 15. Bd6 {[%emt 0:09:04] Rab1 would now be deadly. White is much more active. The black rooks are passive.} Nf5 (15... Qd8 $16 {was called for.} 16. Rab1 Qc8) 16. Rab1 $18 Nxd6 17. exd6 Qd8 {[%emt 0:00:23] [#]} (17... Qc5 $142) 18. Ba6 $1 Na5 (18... Rb8 19. Bxb7) 19. Bxb7 Nxb7 (19... Rb8 {is a better defense.} 20. Qa4+ Kf8) 20. Qc6+ (20. Rxb7 O-O $18) (20. d7+ $142 Qxd7 21. Rxb7 (21. Qxb7 Qxb7 22. Rxb7 Bxc3 $11)) 20... Kf8 $2 (20... Qd7 {keeps fighting.} 21. Qxd7+ (21. Qxb7 Qxb7 22. Rxb7 Bxc3 $18) 21... Kxd7 22. Rxb7+ Kxd6 23. Rxf7 Rhg8 24. Rd1+ Kc6) 21. Rxb7 {[%emt 0:00:35] White is clearly winning.} (21. Qxb7 Bf6 22. c4 Rc8 $18) 21... Bf6 {[%emt 0:01:25] Prevents Ng5.} 22. c4 Kg7 23. c5 Qa5 {[%emt 0:03:35] [#]} (23... Rb8 $142 24. d7 (24. Rxa7 Rb4 $18) 24... Rxb7 25. Qxb7 Qe7 26. Qxa7 h6) 24. Rxf7+ $3 Kxf7 25. Qb7+ Kf8 26. Qxa8+ Kg7 27. Qb7+ Kh6 28. Qf7 Bd8 29. c6 {[%emt 0:01:03][%cal Bc5c6,Bc6c7][%mdl 32] Hoping for c7.} Qc5 30. c7 Bg5 {[%emt 0:00:10] Inhibits Qf4.} 31. h4 {[%emt 0:01:18] Weighted Error Value: White=0.27 (precise) /Black=0.50.  Mistake:       	White=2     	Black=7      Inaccurate:     	White=1     	Black=1      OK:         	White=7     	Black=5      Best:        	White=1     	Black=2      Strong:       	---       	Black=1      Brilliant:      	White=1     	---} (31. Nxg5 $142 Kxg5 32. h4+ (32. Qxe6 Rf8 33. Qe7+ Rf6 34. h4+ Kh6 35. Qxf6 Qc4 36. Re1 Qg4) 32... Kh6 33. Qf4+ (33. Qxe6 Kh5 34. Qf6 Re8 35. d7 Rf8 36. c8=Q Rxf6 37. Qxc5+ Rf5) 33... Kg7 34. d7 g5 35. hxg5 (35. d8=R gxf4 36. Rfd1 Qxc7 $16) (35. c8=Q Rxc8 36. dxc8=Q Qxc8 $18) 35... Qe7 36. c8=Q (36. c8=R Rd8 37. Rxd8 Qxd8 38. Qf6+ Qxf6 39. gxf6+ Kxf6 40. d8=Q+ Kg6)) 1-0

[Event "Fagernes Chess GM-Swiss 2024"]
[Site "Fagernes"]
[Date "2024.03.24"]
[Round "1.11"]
[White "Kreken, Eivind Grunt"]
[Black "Blomqvist, Erik"]
[Result "1/2-1/2"]
[ECO "D77"]
[WhiteElo "2215"]
[BlackElo "2511"]
[Annotator "TA"]
[PlyCount "54"]
[EventDate "2024.03.25"]
[EventType "swiss"]
[EventCountry "NOR"]
[SourceTitle "playchess.com"]
[Source "ChessBase"]
[SourceQuality "1"]
[TimeControl "40/6000+30:2400+30"]

1. Nf3 d5 2. g3 g6 3. Bg2 Bg7 4. d4 Nf6 5. O-O O-O 6. c4 dxc4 7. Na3 c3 8. bxc3 c5 9. Ne5 Nc6 10. Nxc6 bxc6 {[%emt 0:00:09] The position is equal.} 11. Bxc6 {[%emt 0:09:41] [#]} Bh3 $1 12. Bg2 Bxg2 13. Kxg2 Nd5 14. Bb2 Rb8 15. Qc2 Qd7 16. e4 Nf4+ 17. gxf4 Qg4+ 18. Kh1 {[%emt 0:00:05] [#] Hoping for f3.} Qf3+ 19. Kg1 cxd4 20. cxd4 Rfc8 21. Qd2 Qg4+ 22. Kh1 {[%emt 0:00:01] aiming for f3.} Qf3+ 23. Kg1 {[%emt 0:00:01] Rfc1 is the strong threat.} Rxb2 24. Qxb2 {[%emt 0:00:07] Threatens to win with Rfc1.} Bxd4 25. Qxd4 Qg4+ 26. Kh1 Qf3+ 27. Kg1 Qg4+ {[%emt 0:00:07] A rather calm draw.   Weighted Error Value: White=0.02 (flawless) /Black=0.01 (flawless) .  OK:         	White=4     	Black=13     Best:        	---       	Black=2} 1/2-1/2

[Event "Fagernes Chess GM-Swiss 2024"]
[Site "Fagernes"]
[Date "2024.03.24"]
[Round "1.12"]
[White "Prraneeth Vuppala"]
[Black "Skotheim, Andreas"]
[Result "1/2-1/2"]
[ECO "E15"]
[WhiteElo "2506"]
[BlackElo "2214"]
[Annotator "TA"]
[PlyCount "110"]
[EventDate "2024.03.25"]
[EventType "swiss"]
[EventCountry "NOR"]
[SourceTitle "playchess.com"]
[Source "ChessBase"]
[SourceQuality "1"]
[TimeControl "40/6000+30:2400+30"]

1. d4 Nf6 2. c4 e6 3. Nf3 b6 4. g3 Ba6 5. Nbd2 Bb7 6. Bg2 Be7 7. O-O O-O 8. Qc2 d5 9. b3 c5 10. cxd5 exd5 (10... Nxd5 {scheint wilder zu sein.} 11. dxc5 Na6 12. c6 Nab4) 11. dxc5 {[%emt 0:06:03] Weiß hat minimalen Vorteil.} bxc5 12. Bb2 Nbd7 13. Rad1 Qb6 14. Rfe1 Rad8 15. Ng5 (15. Bh3 $5) 15... h6 16. Nh3 Rfe8 17. e3 Nf8 18. Nf4 Ne6 19. Nd3 Rc8 20. h3 (20. Ne5 $11 {hält das Gleichgewicht.}) 20... a5 ({Besser ist} 20... c4 $1 $17 21. bxc4 dxc4 22. Bxb7 Qxb7) 21. Kh2 Ba8 22. Ne5 Qb8 23. f4 Bd6 24. Nef3 Be7 25. Nh4 d4 26. Bxa8 Qxa8 27. Nc4 Nd5 {[%emt 0:03:59] Verhindert Nb6. Droht ...Bxh4 und aus.} 28. Nf5 Qb8 $2 (28... Bf8 $11 {und Schwarz muss sich keine Sorgen machen.}) 29. exd4 $18 cxd4 {[%emt 0:00:58] [#]} (29... Nxd4 $142 30. Qg2 (30. Nxa5 $2 Nxc2 31. Re5 Bf6 $19) (30. Bxd4 cxd4 31. Rxd4 Nb4 $16) (30. Nxe7+ Rxe7 31. Bxd4 Rxe1 $11) 30... Nxf5 31. Qxd5 (31. Rxd5 g6 $14) 31... Nd4) 30. Nxh6+ $1 gxh6 {[%emt 0:01:31] [#]} 31. Rxe6 Ne3 (31... Bf6 32. Rxe8+) 32. Rxe3 dxe3 {[%emt 0:00:04] [#]} 33. Qe2 $2 (33. Qc3 $1 $18 {[%csl Gb2][%cal Rc3h8] und der Rest ist Schweigen.} f6 34. Qd3 (34. Qxa5 Red8 $11) (34. Qxe3 Bf8 $14)) 33... Rc6 {[%emt 0:01:03] [#]} 34. Ne5 $1 {[%emt 0:00:24] Weiß steht aktiver.} (34. Nxa5 $6 Re6 $11) (34. Qxe3 $2 Rxc4 35. bxc4 Qxb2+ 36. Rd2 Bf8 $19) (34. Nxe3 Qc8 35. Nc4 a4 $15) 34... Qb6 35. Bd4 (35. Nxc6 Qxc6 36. Bd4 (36. Qxe3 Bc5 $16) 36... Bb4 $14) 35... Qa6 36. Qg4+ (36. Qxe3 Bf6 $11) 36... Rg6 37. Nxg6 fxg6 38. Re1 Bb4 39. Qd7 $2 (39. Rxe3 $18 Rxe3 40. Bxe3) 39... Re7 $14 40. Qd5+ Kf8 $1 41. Qd8+ (41. Rxe3 $2 Rxe3 42. Bxe3 Qe2+ 43. Qg2 Qxe3 $19) 41... Kf7 42. Qd5+ (42. Rxe3 $2 Rxe3 43. Bxe3 Qe2+ 44. Kh1 Qxe3 45. Qc7+ Be7 46. Qxa5 Qxg3 47. Qd5+ Kf8 $19) (42. Bc5 $5 Bxc5 43. Qd5+ Kf6 44. Qxc5 $11) 42... Ke8 {[%emt 0:16:36] Die Stellung ist ausgeglichen.} 43. Qg8+ (43. Rxe3 $2 Rxe3 44. Qg8+ Kd7 45. Bxe3 (45. Qd5+ $2 Bd6 $19) 45... Qe2+ 46. Kh1 Qxe3 47. Qf7+ Be7 48. Qd5+ Bd6 49. Qb5+ Ke7 50. Qb7+ Ke6 51. Qc8+ Kf7 $19) 43... Kd7 44. Qd5+ (44. Rxe3 Rxe3 45. Bxe3 (45. Qd5+ $2 Kc7 $19) 45... Qe2+ 46. Kh1 Qxe3 47. Qxg6 Bc5 $19) 44... Ke8 $1 45. Rc1 {[%emt 0:07:15][%cal Od4f6] Und Bf6! würde nun gewinnen.} (45. Rxe3 $2 {geht unter.} Rxe3 46. Qg8+ Kd7 47. Bxe3 (47. Qd5+ $2 Bd6 $19) 47... Qe2+ 48. Kh1 Qxe3 49. Qg7+ Be7 50. Qxg6 Bc5 $19) 45... e2 46. Bb6 {[%emt 0:10:48] jetzt Qg8+ und aus. Sehr scharf!} e1=Q (46... e1=R $5 47. Qg8+ $8 Kd7 48. Qd8+ Ke6 49. Qg8+ Kd6 50. Qd8+ Ke6 51. Qg8+ Kd6 52. Qd8+ Ke6 $11) 47. Qg8+ Kd7 48. Qd5+ Ke8 49. Qg8+ Kd7 50. Rc7+ Kd6 51. Qd8+ Ke6 52. Qg8+ Kd6 53. Qd8+ Ke6 54. Qg8+ Kd6 {[%emt 0:01:04] ( -> ...Qae2+)} 55. Qd8+ Ke6 {[%emt 0:00:08] Schwarz hat sich erfolgreich gewehrt.   Gewichteter Fehlerwert: Weiß=0.23 (präzise) /Schwarz=0.21 (präzise) .  Verlustzug:     	---       	Schwarz=1     Gewinn verpasst:   	Weiß=2     	---        Fehler:       	Weiß=1     	Schwarz=2     Ungenau:       	Weiß=1     	Schwarz=2     OK:         	Weiß=13    	Schwarz=11    Bester:       	Weiß=9     	Schwarz=5     Stark:        	Weiß=1     	Schwarz=2     Brilliant:      	Weiß=1     	---} 1/2-1/2

[Event "Fagernes Chess GM-Swiss 2024"]
[Site "Fagernes"]
[Date "2024.03.24"]
[Round "1.13"]
[White "Aniruddh Chatterjee"]
[Black "Petkov, Momchil"]
[Result "1/2-1/2"]
[ECO "A20"]
[WhiteElo "2182"]
[BlackElo "2500"]
[Annotator "TA"]
[PlyCount "118"]
[EventDate "2024.03.25"]
[EventType "swiss"]
[EventCountry "NOR"]
[SourceTitle "playchess.com"]
[Source "ChessBase"]
[SourceQuality "1"]
[TimeControl "40/6000+30:2400+30"]

1. c4 e5 2. g3 c6 3. Nf3 e4 4. Nd4 d5 5. cxd5 Qxd5 6. Nc2 Nf6 7. Nc3 Qh5 8. d3 {[%emt 0:08:05] White has an edge.} exd3 9. Qxd3 Bc5 10. Qd2 Bf5 {[%emt 0:06:58] And now ...Na6 would win.} 11. Nd4 {[%emt 0:05:21] The position is equal.} O-O {[%emt 0:22:53] [#] aiming for ...Rd8.} 12. Nxf5 Qxf5 13. Qf4 Qe6 14. Bg2 Na6 15. O-O Rad8 16. Ne4 Nxe4 17. Qxe4 Qxe4 18. Bxe4 Rfe8 19. Bf3 Nb4 20. e3 Be7 21. a3 Nd3 22. Rb1 {[%emt 0:01:36] White is weak on the dark squares} a5 23. Rd1 Ne5 24. Be2 Rxd1+ 25. Bxd1 Rd8 {[%emt 0:01:00] Prevents Bd2} 26. Be2 f5 27. b4 axb4 28. axb4 Kf7 29. Bb2 Rd2 30. Bd1 {[%emt 0:03:43] A strong pair of Bishops.} Bf6 31. Bc3 Rd8 32. Bd4 Nd7 33. Bf3 Bxd4 34. exd4 $11 {[%emt 0:00:06][%mdl 4096] Endgame. KRB-KRN} Nf6 35. b5 Rxd4 36. bxc6 bxc6 37. Bxc6 g5 38. h3 h5 39. Bf3 h4 40. gxh4 Rxh4 41. Kg2 Rd4 42. Rb7+ Kg6 43. Rb6 Rd7 44. Ra6 Kf7 45. Rb6 Rc7 46. Ra6 Re7 47. Rb6 Re6 48. Rb7+ Kg6 49. Ra7 Rd6 50. Ra5 Ne8 51. Rd5 Rxd5 52. Bxd5 {[%emt 0:00:00] KB-KN} Kf6 53. Bc6 Ng7 54. h4 gxh4 55. Kh3 Kg5 56. f4+ Kxf4 {[%emt 0:00:00] ...Kg5 would now be deadly.} 57. Kxh4 Ke3 58. Kg3 f4+ 59. Kg2 f3+ {[%emt 0:00:00] An even fight not without its subleties.   Weighted Error Value: White=0.03 (flawless) /Black=0.03 (flawless) .  Inaccurate:     	White=1     	---        OK:         	White=26    	Black=16     Best:        	---       	Black=2} 1/2-1/2

[Event "Fagernes Chess GM-Swiss 2024"]
[Site "Fagernes"]
[Date "2024.03.24"]
[Round "1.14"]
[White "Can, Isik"]
[Black "Andersen, Morten"]
[Result "1-0"]
[ECO "B32"]
[WhiteElo "2493"]
[BlackElo "2178"]
[Annotator "TA"]
[PlyCount "87"]
[EventDate "2024.03.25"]
[EventType "swiss"]
[EventCountry "NOR"]
[SourceTitle "playchess.com"]
[Source "ChessBase"]
[SourceQuality "1"]
[TimeControl "40/6000+30:2400+30"]

1. e4 c5 2. Nf3 Nc6 3. d4 cxd4 4. Nxd4 e5 5. Nb5 d6 6. c4 Be7 7. N5c3 f5 8. exf5 Bxf5 9. Bd3 {[%emt 0:00:05] White is slightly better.} Qd7 10. Nd5 {[%emt 0:14:15] Strongly threatening Bxf5.} e4 11. Bc2 Nf6 12. Nbc3 {[%emt 0:02:17] White is more active.} O-O 13. O-O Kh8 14. Nxf6 Bxf6 15. Nxe4 Bd4 16. Ng3 Bxc2 17. Qxc2 {[%emt 0:01:21] Black is now going downhill.} Rac8 18. Be3 Bxe3 19. fxe3 Rfe8 (19... Kg8 $16 20. Rxf8+ Rxf8) 20. Qd2 Ne5 21. b3 Rcd8 22. Rad1 Qe6 23. Nf5 Rf8 24. Nxd6 Rxf1+ 25. Rxf1 h6 (25... Qxd6 $2 {too greedy.} 26. Qxd6 Rg8 27. Qxe5 $18) (25... Kg8 $142) 26. c5 $18 b6 27. b4 a5 28. a3 ({Not} 28. bxa5 bxc5 29. Rd1 c4 $16 (29... Nc4 $2 30. Nf7+ Kh7 31. Nxd8 $18)) 28... axb4 29. axb4 bxc5 30. bxc5 Kg8 31. e4 Nf7 $2 {[%emt 0:03:38] [#]} (31... Kh7 32. Qd5 Qe7) 32. Qa5 {[%emt 0:01:17] White is clearly winning.} Rd7 33. Nxf7 Rxf7 {[%emt 0:00:13][%mdl 4096] Endgame. KQR-KQR} 34. Qd8+ Kh7 35. Rxf7 Qxf7 {[%emt 0:00:07] KQ-KQ} 36. Qd5 Qa7 37. h3 Qa1+ 38. Kh2 Qc1 39. Qf5+ Kh8 40. Qf8+ Kh7 41. Qf2 Qc3 42. Qf5+ Kh8 43. Qd5 {[%emt 0:00:01] [#] And now c6 would win.} Qe3 44. Qe5 {[%emt 0:00:48] Weighted Error Value: White=0.09 (flawless) /Black=0.40.  Mistake:       	---       	Black=3      Inaccurate:     	White=1     	Black=6      OK:         	White=16    	Black=6} 1-0

[Event "Fagernes Chess GM-Swiss 2024"]
[Site "Fagernes"]
[Date "2024.03.24"]
[Round "1.15"]
[White "Akshit Kumar J"]
[Black "Mitusov, Semen"]
[Result "1/2-1/2"]
[ECO "B92"]
[WhiteElo "2172"]
[BlackElo "2487"]
[Annotator "TA"]
[PlyCount "74"]
[EventDate "2024.03.25"]
[EventType "swiss"]
[EventCountry "NOR"]
[SourceTitle "playchess.com"]
[Source "ChessBase"]
[SourceQuality "1"]
[TimeControl "40/6000+30:2400+30"]

1. e4 c5 2. Nf3 d6 3. d4 cxd4 4. Nxd4 Nf6 5. Nc3 a6 6. Be2 e5 7. Nb3 Be7 8. O-O O-O 9. Be3 Be6 10. Re1 Nbd7 11. a4 Rc8 12. a5 Qc7 (12... Rxc3 $5 13. bxc3 Nxe4 $14) 13. Bf3 Rfd8 14. Nd2 Nc5 15. Nf1 b5 16. axb6 Qxb6 17. Qd2 Qb7 18. Ng3 (18. h3 {is more complex.} h6 19. Ng3 d5 20. exd5 e4 21. Bxc5 exf3 22. Bxe7 Qxe7 23. Nf5) 18... Bf8 19. Bg5 (19. Reb1 $5) 19... Ncd7 20. b3 Qc6 21. Re3 h6 22. Bxf6 Nxf6 23. Qe2 Ra8 (23... Qb7 $11 {is superior.}) 24. Nh5 $14 {[%emt 0:00:13] Threatens to win with Nxf6+.} ({Reject} 24. Nd5 Nxd5 25. exd5 Bxd5 $15) 24... Be7 25. Nxf6+ Bxf6 26. Bg4 Rdc8 {[%emt 0:02:50] [#]} 27. Nd5 Bg5 $11 {[%emt 0:02:05] The position is equal.} 28. Rc3 Qb7 29. Rxc8+ Rxc8 30. Bf3 (30. Qxa6 $2 {perishes.} Qxa6 31. Rxa6 Bxg4 $19) 30... g6 31. g3 Rc6 32. h4 Bd8 33. Qd2 (33. h5 {feels hotter.} Kg7 34. Qd2 Qc8 35. c4) 33... h5 34. Nb4 Rb6 35. Nd5 Rc6 36. Nb4 Rb6 37. Nd5 Rc6 {Weighted Error Value: White=0.10 (very precise) /Black=0.09 (flawless) .  Mistake:       	White=1     	Black=1      Inaccurate:     	White=1     	Black=2      OK:         	White=11    	Black=13} 1/2-1/2

[Event "Fagernes Chess GM-Swiss 2024"]
[Site "Fagernes"]
[Date "2024.03.24"]
[Round "1.16"]
[White "Ghasi, Ameet K"]
[Black "Vijayakumar, Rishi"]
[Result "1-0"]
[ECO "A05"]
[WhiteElo "2485"]
[BlackElo "2156"]
[Annotator "TA"]
[PlyCount "70"]
[EventDate "2024.03.25"]
[EventType "swiss"]
[EventCountry "NOR"]
[SourceTitle "playchess.com"]
[Source "ChessBase"]
[SourceQuality "1"]
[TimeControl "40/6000+30:2400+30"]

1. Nf3 Nf6 2. g3 c5 3. Bg2 Nc6 4. O-O e5 5. d3 d5 6. Nbd2 Be7 7. e4 O-O 8. Re1 dxe4 9. dxe4 Qc7 10. c3 {Die Stellung ist ausgeglichen.} Rd8 11. Qc2 h6 12. Nc4 Be6 13. Ne3 c4 14. Nh4 Bc5 15. Nhf5 Ne7 16. Qe2 Bxf5 17. exf5 Bxe3 18. Qxe3 Rd3 19. Qxe5 Qxe5 20. Rxe5 Rd1+ 21. Bf1 Nc6 22. Re2 ({Nicht} 22. Rc5 $2 Re8 23. Kg2 Ree1 $19) 22... Rad8 {Verhindert Rd2.} 23. f4 Nd7 {[%cal Bf6d7,Bd7c5,Bc5d3][%mdl 32] Droht stark ...Nc5.} 24. Kf2 {[%cal Bg1f2,Bf2e1,Be1e2][%mdl 32] Re1 ist eine echte Drohung.} Nc5 {Und jetzt ...Nd3+ wäre schön.} 25. Re1 Rxe1 (25... Nd3+ $11 26. Bxd3 R1xd3) 26. Kxe1 $16 Nd3+ 27. Bxd3 Rxd3 {[%mdl 4096] Endspiel. KRB-KRN} 28. Ke2 Ne7 {[#]} 29. f6 $1 gxf6 30. Be3 b6 {[#]} (30... a6 $11) 31. a4 (31. Bd4 $1 $16) 31... Nc6 $11 32. g4 f5 33. g5 hxg5 34. fxg5 f6 {[#]} 35. Rf1 $1 $16 Ne7 {Gewichteter Fehlerwert: Weiß=0.12 (sehr präzise) /Schwarz=0.18 (sehr präzise) .  Fehler:       	Weiß=1     	Schwarz=4     Ungenau:       	Weiß=3     	---        OK:         	Weiß=8     	Schwarz=6     Bester:       	Weiß=1     	Schwarz=6     Stark:        	Weiß=1     	---} (35... Rd5 $16) 1-0

[Event "Fagernes Chess GM-Swiss 2024"]
[Site "Fagernes"]
[Date "2024.03.24"]
[Round "1.17"]
[White "Myagmarsuren, Evsuld"]
[Black "Sokolovsky, Yahli"]
[Result "0-1"]
[ECO "C47"]
[WhiteElo "2138"]
[BlackElo "2475"]
[Annotator "TA"]
[PlyCount "60"]
[EventDate "2024.03.25"]
[EventType "swiss"]
[EventCountry "NOR"]
[SourceTitle "playchess.com"]
[Source "ChessBase"]
[SourceQuality "1"]
[TimeControl "40/6000+30:2400+30"]

1. e4 e5 2. Nf3 Nc6 3. Nc3 Nf6 4. d4 exd4 5. Nxd4 Bb4 6. Nxc6 bxc6 7. Bd3 d5 8. exd5 O-O 9. O-O cxd5 10. Bg5 Be6 11. f4 h6 12. Bh4 c6 13. Kh1 {[%emt 0:06:17] The position is equal.} Be7 14. Re1 {[%emt 0:02:24] [#]} Ne4 $1 15. Nxe4 (15. Bxe7 $2 Nf2+ 16. Kg1 Qb6 $17) 15... Bxh4 16. Ng3 Rb8 17. Rb1 Rb4 18. Qd2 {[%emt 0:02:44] [#]} ({White should play} 18. Rf1 $15) 18... Qb8 $1 $36 {[%emt 0:01:18][%csl LRb2,LRf4][%mdl 2048] Black is in control.} 19. f5 Bd7 (19... Rxb2 $2 20. Rxb2 Qxb2 21. fxe6 $18) 20. c3 {[%emt 0:00:26] Wards off c5} (20. b3 $142) 20... Rg4 21. Qe2 Rg5 {[%emt 0:03:26][%cal Of8e8] Black is more active.} 22. f6 (22. Qe5 $17 {might work better.}) 22... Bxg3 $19 (22... gxf6 23. Nh5 Re5 24. Qf3 $15) 23. hxg3 Qxg3 24. fxg7 $2 (24. Qf3) 24... Re8 {[%emt 0:00:17] Black is clearly winning.} (24... Rxg7 25. Qf3 $17) 25. Qd2 Rxe1+ (25... Rxg7 26. Rxe8+ Bxe8 27. Rf1 $17) 26. Rxe1 Rh5+ (26... Rxg7 27. Re3 Qd6 28. Kg1 $11) 27. Kg1 Rh2 {[%emt 0:00:12][%cal Og3h4] Threatens to win with ...Qh4!} (27... Kxg7 $2 28. Qe3 Qh2+ 29. Kf1 $17) 28. Bf5 {[%emt 0:18:14] [#]} Rxg2+ $3 29. Qxg2 Qxe1+ 30. Kh2 Bxf5 {[%emt 0:00:12] Weighted Error Value: White=0.77/Black=0.03 (flawless) .  Mistake:       	White=4     	---        Inaccurate:     	White=2     	Black=1      OK:         	White=3     	Black=5      Best:        	White=1     	Black=1      Strong:       	---       	Black=1} 0-1

[Event "Fagernes Chess GM-Swiss 2024"]
[Site "Fagernes"]
[Date "2024.03.24"]
[Round "1.18"]
[White "Hillarp Persson, Tiger"]
[Black "Eliseev, Sergey"]
[Result "1-0"]
[ECO "A05"]
[WhiteElo "2473"]
[BlackElo "2131"]
[Annotator "TA"]
[PlyCount "73"]
[EventDate "2024.03.25"]
[EventType "swiss"]
[EventCountry "NOR"]
[SourceTitle "playchess.com"]
[Source "ChessBase"]
[SourceQuality "1"]
[TimeControl "40/6000+30:2400+30"]

1. Nf3 d5 2. g3 Nf6 3. Bg2 c6 4. O-O Bf5 5. d3 Nbd7 6. Nh4 Bg6 7. Nxg6 hxg6 8. e4 dxe4 {[%emt 0:01:23] White is slightly better.} 9. dxe4 e5 10. Nd2 Bc5 11. a4 Qe7 12. a5 Qe6 (12... O-O $11) 13. Qe2 $16 a6 14. Qc4 Qg4 {[%emt 0:09:58] White leaves nothing to chance now.} (14... Qe7 $14) 15. Nf3 Rh5 {[%emt 0:13:18] Prevents Ng5} (15... Qxe4 $16 16. Qxf7+ Kxf7 17. Ng5+ Kg8 18. Nxe4 (18. Bxe4 Nxe4 19. Nxe4 Be7 $16) 18... Nxe4 19. Bxe4 Nf6 20. Bxg6 Kf8) 16. Re1 $18 O-O-O (16... Rb8 $142 17. Bd2 Nd5) 17. b4 $1 (17. Qxf7 Nxe4 18. Be3 (18. Qxg7 $2 Bxf2+ 19. Kf1 Bxe1 $19) 18... Rf8 $11) 17... Ba7 18. Be3 (18. Qxf7 $6 Nxe4 19. Be3 (19. Qxg7 $2 Bxf2+ 20. Kf1 Bxe1 $19) 19... Bxe3 20. Rxe3 Nd6 $16) 18... Bxe3 19. Rxe3 Nd5 20. Rd3 (20. exd5 $2 Qxc4 21. dxc6 Qxc6 $19) 20... N7f6 21. Re1 {[%emt 0:01:17] [#] h3 would now be deadly.} Rdh8 $2 (21... Nc7 {was called for.} 22. Rxd8+ (22. Qxf7 Rxd3 23. cxd3 Qd7 $18) 22... Kxd8 23. Qxf7 Qd7 24. Qf8+ (24. Qxg6 Ne6 $11) 24... Nce8) 22. h4 {[%emt 0:10:40] White is clearly winning.} ({Weaker is} 22. h3 Rxh3 23. Kf1 (23. Bxh3 $2 {is the wrong capture.} Qxh3 24. Nh4 Ng4 $19) (23. Nxe5 $2 Qh5 $19) 23... Rh1+ 24. Ng1 (24. Bxh1 $2 Rxh1+ 25. Ke2 Nxe4 $19) 24... R8h2 25. Bxh1 Rxh1 $11) 22... Kb8 23. Nh2 Qd7 24. exd5 cxd5 25. Bxd5 Rc8 {[%emt 0:00:46] [#]} 26. Bxf7 Qe7 (26... Rxc4 27. Rxd7) 27. Qb3 e4 28. Rde3 Rb5 29. c3 g5 30. hxg5 Rxg5 31. Nf3 Rf5 32. Qe6 Qxe6 33. Bxe6 Rxf3 34. Bxc8 Rxe3 35. Rxe3 Kxc8 36. f3 exf3 37. Rxf3 {[%emt 0:00:07] Weighted Error Value: White=0.17 (very precise) /Black=0.40.  Mistake:       	---       	Black=5      Inaccurate:     	White=1     	---        OK:         	White=13    	Black=3      Strong:       	White=1     	---} 1-0

[Event "Fagernes Chess GM-Swiss 2024"]
[Site "Fagernes"]
[Date "2024.03.24"]
[Round "1.19"]
[White "Southcott-Moyers, Indy"]
[Black "Koelle, Tobias"]
[Result "1/2-1/2"]
[ECO "D38"]
[WhiteElo "2120"]
[BlackElo "2460"]
[Annotator "TA"]
[PlyCount "82"]
[EventDate "2024.03.25"]
[EventType "swiss"]
[EventCountry "NOR"]
[SourceTitle "playchess.com"]
[Source "ChessBase"]
[SourceQuality "1"]
[TimeControl "40/6000+30:2400+30"]

1. d4 Nf6 2. c4 e6 3. Nf3 d5 4. Nc3 Bb4 5. cxd5 exd5 6. Bg5 Nbd7 7. Qb3 Qe7 8. a3 Bxc3+ 9. Qxc3 h6 10. Bh4 c6 11. Nd2 Nf8 12. e3 Ng6 13. Bg3 Nh5 14. Qb4 Qd7 15. Bd3 Nxg3 16. hxg3 Ne7 17. Nf3 Qc7 18. Rc1 O-O 19. O-O Bf5 20. Be2 a5 21. Qc5 a4 22. Ne5 Rfe8 23. Rfd1 Qb8 24. Bd3 Bxd3 25. Nxd3 Nf5 26. Qc2 Nd6 27. Nc5 Qa7 28. Re1 Qa5 29. Re2 Qb5 30. Rce1 b6 (30... h5 $5) 31. Nd3 Rac8 32. Nb4 Ne4 33. Qd3 Qxd3 34. Nxd3 c5 (34... f6 $15) 35. Nf4 {[%emt 0:02:34] The position is equal.} Nf6 36. dxc5 g5 37. Nd3 bxc5 38. Rc2 c4 39. Rec1 Kg7 40. Nb4 Re5 41. Rd1 Kg6 {[%emt 0:47:21] Weighted Error Value: White=0.09 (flawless) /Black=0.07 (flawless) .  Mistake:       	---       	Black=1      Inaccurate:     	White=3     	Black=3      OK:         	White=16    	Black=19     Best:        	White=1     	---} 1/2-1/2